Map: Abyssal Reef LE

Players

Gauss - Winner!

  • Race: Protoss Protoss
  • Spawn Location: 5:00

Matrix

  • Race: Protoss Protoss
  • Spawn Location: 11:00

Event: IEM XI Katowice - World Championship 2017

VOD

Have the link to the VOD?

Description

Time

  • Played on: Feb. 27, 2017, 5:15 a.m.
  • Length: 12:52

All games in this series

Show
View Real Time Build Order
Export as new Build Order

Gauss Protoss - Winner!

Build Orders:  

Get SALT Encoding   

  12  0:00  Probe (Chrono Boost)  
  13  0:11  Probe (Chrono Boost)  
  14  0:19  Pylon  
  14  0:22  Probe (Chrono Boost)  
  15  0:37  Probe (Chrono Boost)  
  15  0:40  Gateway  
  16  0:48  Assimilator, Probe (Chrono Boost)  
  17  0:53  Assimilator  
  17  0:59  Probe (Chrono Boost)  
  18  1:09  Probe (Chrono Boost)  
  19  1:20  Probe (Chrono Boost)  
  20  1:27  Gateway  
  20  1:30  Probe (Chrono Boost)  
  21  1:34  Cybernetics Core  
  21  1:39  Pylon  
  21  1:42  Probe (Chrono Boost)  
  22  1:53  Probe (Chrono Boost)  
  23  2:03  Probe (Chrono Boost)  
  24  2:10  Warp Gate, Stalker  
  24  2:12  Stalker  
  28  2:17  Pylon  
  28  2:29  Pylon, Mothership Core (Chrono Boost)  
  30  2:36  Stalker  
  30  2:43  Stalker  
  34  2:49  Probe (Chrono Boost)  
  35  3:09  Nexus  
  35  3:18  Probe (Chrono Boost)  
  36  3:26  Robotics Facility  
  36  3:41  Probe (Chrono Boost)  
  37  3:45  Pylon  
  37  3:53  Pylon  
  38  3:57  Probe (Chrono Boost)  
  38  4:13  Observer, Stalker  
  38  4:14  Stalker  
  43  4:20  Gateway  
  43  4:21  Gateway  
  43  4:24  Probe (Chrono Boost)  
  45  4:25  Probe (Chrono Boost)  
  45  4:39  Immortal  
  45  4:44  Sentry x2  
  53  4:49  Probe (Chrono Boost)  
  53  4:51  Probe (Chrono Boost)  
  55  4:55  Pylon  
  53  5:10  Probe (Chrono Boost)  
  53  5:11  Probe (Chrono Boost)  
  53  5:13  Gateway  
  55  5:18  Observer  
  55  5:20  Forge  
  56  5:21  Pylon  
  56  5:25  Robotics Bay  
  56  5:30  Probe (Chrono Boost)  
  56  5:31  Probe (Chrono Boost)  
  56  5:32  Assimilator  
  58  5:39  Observer  
  61  5:42  Assimilator  
  61  5:43  Probe (Chrono Boost)  
  61  5:44  Protoss Ground Weapons Level 1, Probe (Chrono Boost)  
  61  5:47  Forge  
  61  5:53  Probe (Chrono Boost)  
  62  6:04  Probe (Chrono Boost)  
  63  6:12  Disruptor  
  63  6:13  Pylon  
  66  6:21  Protoss Ground Armor Level 1  
  66  6:34  Probe (Chrono Boost)  
  66  6:35  Probe (Chrono Boost)  
  68  6:41  Photon Cannon  
  65  6:51  Stalker x3  
  65  6:52  Stalker x2  
  73  7:11  Photon Cannon  
  73  7:18  Photon Cannon  
  73  7:20  Photon Cannon  
  73  7:26  Probe x2 (Chrono Boost)  
  76  7:37  Protoss Shields Level 1  
  76  7:38  Probe (Chrono Boost)  
  76  7:55  Twilight Council  
  76  7:59  Stargate  
  76  8:07  Warp Prism  
  80  8:14  Probe x2 (Chrono Boost)  
  80  8:15  Protoss Ground Weapons Level 2  
  80  8:32  Nexus  
  80  8:35  Dark Shrine  
  80  8:40  Probe x2 (Chrono Boost)  
  82  8:47  Photon Cannon  
  82  8:51  Disruptor  
  82  8:52  Probe x2 (Chrono Boost)  
  87  9:02  Pylon  
  89  9:04  Probe x2 (Chrono Boost)  
  89  9:06  Pylon  
  89  9:11  Blink  
  89  9:25  Protoss Ground Armor Level 2  
  89  9:27  Immortal  
  95  9:31  Probe x2 (Chrono Boost)  
  95  9:35  Adept x2  
  95  9:36  Adept x2  
  103  9:48  Oracle  
  103  9:49  Probe x2 (Chrono Boost)  
  103  9:51  Probe (Chrono Boost)  
  109  9:52  Assimilator  
  109  10:02  Assimilator  
  109  10:03  Gateway  
  103  10:48  Stalker x4  
  103  10:49  Stalker  
  111  10:50  Disruptor, Colossus  
  111  10:51  Colossus  
  111  10:54  Probe x2 (Chrono Boost)  
  116  10:57  Templar Archives  
  116  11:00  Photon Cannon  
  116  11:01  Probe (Chrono Boost)  
  116  11:02  Photon Cannon  
  116  11:04  Gateway  
  116  11:07  Gateway  
  116  11:12  Probe (Chrono Boost)  
  116  11:13  Stalker  
  116  11:14  Stalker x2  
  123  11:22  Probe (Chrono Boost)  
  124  11:33  Probe (Chrono Boost)  
  119  12:14  Pylon  
  119  12:18  Pylon x2  
  119  12:19  Pylon  
  119  12:22  Pylon  
  113  12:41  Stalker x4  
Show
View Real Time Build Order
Export as new Build Order

Matrix Protoss 

Build Orders: Zealot Archon, Dark Templar Rush 

Get SALT Encoding   

  12  0:01  Probe (Chrono Boost)  
  13  0:12  Probe (Chrono Boost)  
  14  0:20  Pylon  
  14  0:22  Probe (Chrono Boost)  
  15  0:38  Probe (Chrono Boost)  
  15  0:39  Gateway  
  16  0:49  Probe (Chrono Boost)  
  17  0:50  Assimilator  
  17  0:56  Assimilator  
  17  0:59  Probe (Chrono Boost)  
  18  1:10  Probe (Chrono Boost)  
  19  1:17  Gateway  
  19  1:20  Probe (Chrono Boost)  
  20  1:31  Probe (Chrono Boost)  
  20  1:32  Cybernetics Core  
  21  1:42  Probe (Chrono Boost)  
  21  1:44  Pylon  
  22  1:52  Probe (Chrono Boost)  
  23  2:03  Probe (Chrono Boost)  
  24  2:10  Warp Gate, Pylon  
  24  2:11  Stalker  
  24  2:14  Stalker  
  28  2:37  Twilight Council  
  28  2:40  Probe (Chrono Boost)  
  29  2:44  Stalker  
  29  2:51  Mothership Core (Chrono Boost)  
  33  3:00  Stalker  
  35  3:09  Probe (Chrono Boost)  
  35  3:32  Dark Shrine  
  35  3:39  Stalker  
  35  3:40  Stalker  
  39  3:42  Gateway  
  39  3:45  Pylon  
  39  3:52  Pylon  
  39  3:59  Pylon  
  39  4:13  Robotics Facility  
  39  4:50  Dark Templar  
  39  4:51  Dark Templar  
  42  5:09  Warp Prism  
  42  5:12  Dark Templar  
  46  5:28  Gateway  
  46  5:29  Dark Templar  
  46  5:32  Gateway  
  46  5:50  Nexus, Pylon  
  46  5:57  Observer  
  47  5:58  Adept  
  47  5:59  Adept  
  47  6:00  Probe (Chrono Boost)  
  52  6:10  Probe (Chrono Boost)  
  53  6:13  Adept  
  55  6:21  Probe (Chrono Boost)  
  55  6:25  Adept x2  
  59  6:50  Immortal  
  61  7:12  Stalker x3  
  61  7:14  Probe x2 (Chrono Boost)  
  65  7:23  Archon  
  65  7:24  Probe (Chrono Boost)  
  66  7:36  Gateway  
  66  7:38  Probe (Chrono Boost)  
  66  7:39  Probe (Chrono Boost)  
  66  7:40  Gateway  
  67  7:46  Immortal  
  71  8:03  Blink  
  71  8:05  Adept x2  
  75  8:13  Probe (Chrono Boost)  
  75  8:14  Probe (Chrono Boost)  
  75  8:18  Assimilator  
  77  8:20  Assimilator  
  77  8:26  Probe (Chrono Boost)  
  78  8:42  Pylon  
  78  8:46  Pylon  
  78  8:48  Pylon  
  78  8:56  Immortal  
  82  9:06  Dark Templar  
  84  9:10  Archon  
  84  9:12  Dark Templar  
  84  9:16  Probe (Chrono Boost)  
  88  9:17  Probe (Chrono Boost)  
  88  9:24  Dark Templar  
  88  9:26  Probe (Chrono Boost)  
  88  9:28  Archon  
  88  9:29  Probe (Chrono Boost)  
  92  9:32  Observer  
  92  9:34  Zealot  
  92  9:37  Probe (Chrono Boost)  
  96  9:41  Probe (Chrono Boost)  
  97  9:47  Probe (Chrono Boost)  
  97  9:48  Immortal  
  102  10:11  Nexus  
  102  10:13  Pylon  
  102  10:15  Pylon  
  102  10:16  Probe x2 (Chrono Boost)  
  102  10:19  Adept  
  92  10:47  Stalker x3  
  92  10:48  Stalker x2  
  101  10:55  Pylon  
  101  10:57  Pylon  
  101  11:17  Zealot  
  101  11:18  Zealot x4  
  70  12:16  Pylon  
  70  12:17  Pylon  

Tags
 
Add a new tag
Caveats
  • Supply blocks, unpowered buildings, or Contaminate may cause inaccurate times.
  • Supply counts are checked every 10 seconds.